 Dungeon Crawl Stone Soup version 0.32-a0-520-g344ed53f66 (webtiles) character file.

Game seed: 3623920374362306737

2229039 cforsyth the Conqueror (level 27, 249/249 HPs)
             Began as a Coglin Gladiator on Feb 27, 2024.
             Was the Champion of the Shining One.
             Escaped with the Orb
             ... and 4 runes!
             The game lasted 03:13:51 (78139 turns).

cforsyth the Conqueror (Coglin Gladiator)          Turns: 78139, Time: 03:13:52

Health: 249/249    AC: 57    Str: 26    XL:     27
Magic:  33/33      EV: 15    Int: 14    God:    the Shining One [******]
Gold:   7678       SH:  0    Dex: 16    Spells: 26/26 levels left

rFire   + . .        a - +7 broad axe "Yczic" {freeze, Will+ Int+5 Dex-4}
rCold   + . .        X - +9 broad axe (freeze) {Merenptah}
rNeg    + + +        p - +7 crystal plate armour of Fuis Zue {*Corrode rPois rN+ Will+}
rPois   +            c - +2 helmet {SInv}
rElec   .            o - +4 dragonskin cloak
rCorr   .            J - +2 pair of gloves {Dex+3}
SInv    +            R - +3 pair of seven-league boots {Rampage+∞}
Will    ++++.        r - amulet of Vitality {RegenMP++ Regen++} Stlth
                     (ring unavailable)
HPRegen 2.21/turn    (ring unavailable)
MPRegen 1.03/turn

%: corrode self (3%), rampage+∞
@: glowing, studying 2 skills
A: cold resistance 1, fire resistance 1, off-hand wielding, slow wielding,
warmup strikes, no rings, devolution 1
0: Orb of Zot
}: 4/15 runes: serpentine, barnacled, slimy, silver
a: Renounce Religion, Divine Shield, Cleansing Flame, Summon Divine Warrior,
Brand Weapon With Holy Wrath


You escaped.
You worshipped the Shining One.
The Shining One was exalted by your worship.
You visited 11 branches of the dungeon, and saw 55 of its levels.
You visited 1 ziggurat, and saw 10 of its levels.
You also visited: Trove, Sewer, Ossuary, Bailey and Wizlab.

You collected 10404 gold pieces.
You spent 2726 gold pieces at shops.


Innate Abilities, Weirdness & Mutations

Your flesh is cold resistant. (rC+)
Your flesh is heat resistant. (rF+)
You can wield a second weapon in your off-hand.
It takes a long time for you to wield or remove held weapons.
Your first few attacks do less damage.
Your grasper-arms cannot wear rings.
You have hidden genetic defects.


   Skills:
 O Level 27 Fighting
 O Level 27 Axes
 - Level 1.7 Throwing
 + Level 26.3 Armour
 - Level 17.5 Dodging
 - Level 14.0 Invocations


You had 26 spell levels left.
You didn't know any spells.
Your spell library contained the following spells:

 Spells                   Type           Power      Damage    Failure   Level
 Apportation              Tloc           0%         N/A       90%         1
 Foxfire                  Conj/Fire      0%         2x1d4     90%         1
 Freeze                   Ice            0%         1d3       90%         1
 Kiss of Death            Conj/Necr      0%         2d5       90%         1
 Magic Dart               Conj           0%         1d3       90%         1
 Necrotise                Necr           0%         1d4       90%         1
 Sandblast                Erth           0%         2d4       90%         1
 Shock                    Conj/Air       0%         1d3       90%         1
 Sting                    Conj/Alch      0%         1d3       90%         1
 Blink                    Tloc           0%         N/A       97%         2
 Call Imp                 Summ           0%         N/A       97%         2
 Ensorcelled Hibernation  Hex/Ice        0%         N/A       97%         2
 Jinxbite                 Hex            0%         N/A       97%         2
 Lesser Beckoning         Tloc           0%         N/A       97%         2
 Mercury Vapours          Alch/Air       0%         N/A       97%         2
 Scorch                   Fire           0%         2d5       97%         2
 Searing Ray              Conj           0%         2d4       97%         2
 Static Discharge         Conj/Air       0%         3-3/arc   97%         2
 Call Canine Familiar     Summ           0%         N/A       99%         3
 Confusing Touch          Hex            0%         N/A       99%         3
 Dazzling Flash           Conj/Hex       0%         N/A       99%         3
 Frozen Ramparts          Ice            0%         1d1       99%         3
 Fugue of the Fallen      Necr           0%         N/A       99%         3
 Gell's Gravitas          Tloc           0%         N/A       99%         3
 Hailstorm                Conj/Ice       0%         3d5       99%         3
 Inner Flame              Hex/Fire       0%         N/A       99%         3
 Mephitic Cloud           Conj/Alch/Air  0%         N/A       99%         3
 Ozocubu's Armour         Ice            0%         N/A       99%         3
 Passwall                 Erth           0%         N/A       99%         3
 Sigil of Binding         Hex            0%         N/A       99%         3
 Stone Arrow              Conj/Erth      0%         3d7       99%         3
 Summon Ice Beast         Ice/Summ       0%         N/A       99%         3
 Swiftness                Air            0%         N/A       99%         3
 Teleport Other           Tloc           0%         N/A       99%         3
 Tukima's Dance           Hex            0%         N/A       99%         3
 Airstrike                Air            0%         2d(0-16)  100%        4
 Anguish                  Hex/Necr       0%         N/A       100%        4
 Animate Armour           Summ/Erth      0%         N/A       100%        4
 Animate Dead             Necr           0%         N/A       100%        4
 Brom's Barrelling Bould  Conj/Erth      0%         2d3       100%        4
 Cause Fear               Hex            0%         N/A       100%        4
 Dimensional Bullseye     Hex/Tloc       0%         N/A       100%        4
 Dispel Undead            Necr           0%         3d6       100%        4
 Flame Wave               Conj/Fire      0%         2d4       100%        4
 Fulminant Prism          Conj/Alch      0%         3d5       100%        4
 Iskenderun's Mystic Bla  Conj/Tloc      0%         2d3       100%        4
 Manifold Assault         Tloc           0%         N/A       100%        4
 Olgreb's Toxic Radiance  Alch           0%         N/A       100%        4
 Passage of Golubria      Tloc           0%         N/A       100%        4
 Petrify                  Alch/Erth      0%         N/A       100%        4
 Sticky Flame             Fire/Alch      0%         2d4       100%        4
 Summon Lightning Spire   Summ/Air       0%         N/A       100%        4
 Vhi's Electric Charge    Tloc/Air       0%         N/A       100%        4
 Alistair's Intoxication  Alch           0%         N/A       100%        5
 Arcjolt                  Conj/Air       0%         1d10      100%        5
 Curse of Agony           Necr           0%         N/A       100%        5
 Fireball                 Conj/Fire      0%         3d3       100%        5
 Freezing Cloud           Conj/Ice/Air   0%         6-21      100%        5
 Iskenderun's Battlesphe  Conj           0%         2d6       100%        5
 Lee's Rapid Deconstruct  Erth           0%         3d4*      100%        5
 Silence                  Hex/Air        0%         N/A       100%        5
 Summon Forest            Summ/Tloc      0%         N/A       100%        5
 Summon Mana Viper        Hex/Summ       0%         N/A       100%        5
 Yara's Violent Unravell  Hex/Alch       0%         3d3       100%        5
 Conjure Ball Lightning   Conj/Air       0%         3x3d6     100%        6
 Dispersal                Tloc           0%         N/A       100%        6
 Plasma Beam              Fire/Air       0%         2x1d10    100%        6
 Sculpt Simulacrum        Ice/Alch       0%         N/A       100%        6
 Starburst                Conj/Fire      0%         6d3       100%        6
 Summon Cactus Giant      Summ           0%         N/A       100%        6
 Enfeeble                 Hex            0%         N/A       100%        7
 Haunt                    Necr/Summ      0%         N/A       100%        7
 Malign Gateway           Summ/Tloc      0%         N/A       100%        7
 Orb of Destruction       Conj           0%         9d5       100%        7
 Summon Hydra             Summ           0%         N/A       100%        7
 Discord                  Hex            0%         N/A       100%        8
 Lehudib's Crystal Spear  Conj/Erth      0%         10d2      100%        8
 Maxwell's Capacitive Co  Air            0%         ∞         100%        8
 Chain Lightning          Conj/Air       0%         N/A       100%        9
 Fire Storm               Conj/Fire      0%         5d1       100%        9
 Polar Vortex             Ice            0%         N/A       100%        9
 Shatter                  Erth           0%         3d5*      100%        9

Inventory:

Hand Weapons
 a - the +7 broad axe "Yczic" (weapon) {freeze, Will+ Int+5 Dex-4}
   (You found it in a treasure trove)

   Int+5:     It affects your intelligence (+5).
   Dex-4:     It affects your dexterity (-4).
   Will+:     It increases your willpower.
 x - a +3 broad axe of flaming {Xiloxoch}
 X - a +9 broad axe of freezing (offhand) {Merenptah}
 Z - the +5 war axe of Gozag's Anger {protect, +Blink rF++}
   (You found it on level 5 of the Pits of Slime)

   rF++:      It greatly protects you from fire.
   +Blink:    It lets you blink.
Armour
 b - the +0 gold dragon scales "Acrupl Zinle" {rPois rF+ rC+ Slay+3 SInv Stlth-}
   (You found it in a bailey)

   Slay+3:    It affects your accuracy & damage with ranged weapons and melee
   (+3).
   rF+:       It protects you from fire.
   rC+:       It protects you from cold.
   rPois:     It protects you from poison SInv: It lets you see invisible.
   Stlth-:    It makes you less stealthy.
 c - a +2 helmet of see invisible (worn)
 o - the +4 dragonskin cloak (worn)
   (You took it off Tiamat on level 4 of the Realm of Zot)

   Avatar's Aegis: It grants the wearer a chance to resist fire, cold, poison,
   electricity, acid, and negative energy.
 p - the +7 crystal plate armour of Fuis Zue (worn) {*Corrode rPois rN+ Will+}
   (You found it in a treasure trove)

   rPois:     It protects you from poison rN+: It protects you from negative
   energy.
   Will+:     It increases your willpower.
   *Corrode:  It may corrode you when you take damage.
 H - the +0 pair of boots "Awiok" {Regen+ rCorr}
   (You found it on level 3 of the Vaults)

   Regen+:    It increases your rate of health regeneration.
   rCorr:     It protects you from acid and corrosion.
 J - a +2 pair of gloves of dexterity (worn)
 R - the +3 pair of seven-league boots (worn) {Rampage+∞}
   (You acquired it on level 12 of the Dungeon)

   Rampage+∞: When moving toward enemies, its wearer moves as far as possible,
   alerting their target en route.
Jewellery
 r - the amulet of Vitality (around neck) {RegenMP++ Regen++}
   (You found it on level 5 of the Vaults)

   [amulet of magic regeneration]

   RegenMP:   It increases your rate of magic regeneration.
   Regen++:   It increases your rate of health regeneration.
 W - the amulet "Boec" {Acrobat rF++}
   (You found it in a treasure trove)

   [amulet of the acrobat]

   Acrobat:   It increases your evasion while moving and waiting.
   rF++:      It greatly protects you from fire.
Wands
 A - a wand of flame (175)
 C - a wand of roots (99)
 F - a wand of digging (16)
 N - a wand of acid (18)
 O - a wand of charming (65)
Scrolls
 d - 6 scrolls of enchant weapon
 g - 14 scrolls of vulnerability
 i - 25 scrolls of teleportation {@r2}
 k - 10 scrolls of amnesia
 m - 18 scrolls of enchant armour
 n - 6 scrolls of immolation
 B - 4 scrolls of poison
 D - 11 scrolls of noise
 K - 13 scrolls of fog
 L - 2 scrolls of summoning
 M - 4 scrolls of blinking
 S - 7 scrolls of fear
 T - 2 scrolls of revelation
 U - 2 scrolls of brand weapon
Potions
 f - 14 potions of enlightenment
 h - 8 potions of lignification
 j - 8 potions of heal wounds {@q2}
 l - 6 potions of cancellation
 q - 6 potions of magic
 t - a potion of berserk rage {!q}
 u - 3 potions of mutation
 v - 17 potions of brilliance
 w - 2 potions of haste {@q3}
 z - a potion of invisibility
 G - 12 potions of curing {@q1}
 I - 13 potions of might
 Q - 8 potions of attraction
 V - 6 potions of ambrosia
 Y - 3 potions of resistance
Miscellaneous
 e - a phial of floods
 s - a box of beasts
 P - a condenser vane

Dungeon Overview and Level Annotations

Branches:
Dungeon (15/15)            Temple (0/1) D:7            Lair (5/5) D:8
 Shoals (4/4) Lair:3        Snake (4/4) Lair:2        Slime (5/5) Lair:5
    Orc (2/2) D:11            Elf (3/3) Orc:2        Vaults (5/5) D:14
  Crypt (3/3) Vaults:2       Tomb (0/3) Crypt:3      Depths (4/4) D:15
    Zot (5/5) Depths:4      Sewer (visited)         Ossuary (visited)
 Bailey (visited)          WizLab (visited)

Altars:
Ashenzari
Dithmenos
Elyvilon
Fedhas
Hepliaklqana
Kikubaaqudgha
Nemelex Xobeh
Okawaru
Sif Muna
Trog
Uskayaw
Vehumet
Xom
Yredelemnul
Zin
The Shining One
Beogh
Jiyva
Lugonu

Shops:
D:8 *((=   D:10 !   D:11 (   Orc:2 [?[=   Elf:1 [**!   Elf:2 *   Shoals:2 ?[[(
Shoals:3 *   Snake:1 (   Snake:3 *[   Vaults:1 !   Vaults:2 (**   Vaults:3 :
Vaults:4 *   Vaults:5 =

Portals:
Hell: Depths:1 Depths:2 Depths:3 Depths:4
Abyss: Depths:3
Pandemonium: Depths:2

#..## #...## #)#..#
##.##.# #..##.###
▒░▒░▒░▒░▒░#..##...#
░.....X..▒#...###.#
###▒........░#...##...
#.#░.@......▒#..>##...
#.#▒........░#÷.......
#.#░........▒#.#..#...
#.#▒░▒░▒'▒░▒░#.##.#...
#.######.#####.##.....
#.#...............#...
#.#.ß..≈≈≈≈..#..#.....
#.#..........#..#.....
#.##########.#..[.÷...


You could see an Orb Guardian.


Message History

You kill the chaos spawn!
The Shining One accepts your kill.
The chaos spawn degenerates into a cloud of primal chaos!
You feel sick.
Tanop comes into view.
The Hell Sentinel moves out of view.
You feel sick.
There is a stone staircase leading up here.
You feel sick.
You are no longer poisoned.
You climb upwards.
Your extra speed is starting to run out.
There is a stone staircase leading down here.
Unknown command.
HP restored.
You feel yourself slow down.
Unknown command.
There is a stone staircase leading up here.
You climb upwards.
There is a stone staircase leading down here.
Aiming: Dig
Press: ? - help, Shift-Dir - straight line A rock wall.
This square is lit by a halo and is covered in magical glow.
The rock shatters into small pieces.
There is an open door here.
An Orb Guardian comes into view.
There is a staircase leading out of the dungeon here.
Unknown command.
You have escaped!

Skill      XL: |  1  2  3  4  5  6  7  8  9 10 11 12 13 14 15 16 17 18 19 20 21 22 23 24 25 26 27 |
---------------+----------------------------------------------------------------------------------+-----
Armour         | 1 2 3 4 5 7 8 10 11 12 13 14 16 17 20 22 23 26 | 26.3
Fighting       | 3 4 5 6 8 9 11 12 14 15 16 17 18 20 21 22 23 24 27 | 27.0
Axes           | 4 5 7 8 10 11 12 14 15 16 17 18 19 21 27 | 27.0
Dodging        | 6 10 12 14 16 17 | 17.5
Invocations    | 10 14 | 14.0
Throwing       | |  1.7

Action                     |  1- 3 |  4- 6 |  7- 9 | 10-12 | 13-15 | 16-18 | 19-21 | 22-24 | 25-27 || total
---------------------------+-------+-------+-------+-------+-------+-------+-------+-------+-------++-------
  Melee: War axe           |    83 |    83 |   217 |   533 |  1075 |   826 |       |       |       ||  2817
         Hand axe          |    17 |    50 |       |       |   354 |   831 |       |       |       ||  1252
         Whip              |       |    27 |   215 |   508 |   712 |       |       |       |       ||  1462
         Broad axe         |       |       |       |       |       |   543 |  1810 |  1918 |  3167 ||  7438
  Evoke: Wand              |       |       |       |       |     5 |       |     1 |     1 |     2 ||     9
    Use: Scroll            |       |     1 |     1 |    25 |     6 |    14 |     6 |    10 |     6 ||    69
         Potion            |       |       |       |     3 |     1 |     3 |     9 |     2 |    15 ||    33
   Stab: Sleeping          |       |       |     1 |     1 |       |       |       |       |       ||     2
 Armour: Leather armour    |    69 |    77 |   151 |    43 |       |       |       |       |       ||   340
         Chain mail        |       |       |       |   136 |       |       |       |       |       ||   136
         Gold dragon scale |       |       |       |   489 |  1248 |  1505 |  1025 |   681 |       ||  4948
         Crystal plate arm |       |       |       |       |       |       |       |   270 |  1957 ||  2227
  Dodge: Dodged            |    78 |    75 |   131 |   229 |   243 |   273 |   346 |   347 |   809 ||  2531
         Repelled          |     1 |       |     4 |     1 |     4 |    30 |     9 |    30 |    94 ||   173

Levels and vault maps discovered:
D:1:      dpeg_arrival_rooms_c, layout_rooms, serial_park_tiny_2
D:2:      layout_rooms, basic_altar, uniq_sigmund
D:3:      layout_loops_ring, lemuel_coloured_pillars_altar, led_xom_imps,
          mainiacjoe_sewer_entry_somewhere_in_here_2, hangedman_decor_push
D:4:      layout_loops_ring, uniq_pargi, uniq_edmund, uniq_blork_the_orc,
          uniq_ijyb, uniq_crazy_yiuf_cottage
D:5:      layout_rooms, nicolae_overflow_crystal_walls,
          nicolae_concentric_dashed_squares_wild,
          hangedman_abyss_or_decor_jellyfish_corner, minivault_23
D:6:      layout_loops_ring, mainiacjoe_overflow_concentric_impassable,
          gammafunk_ghost_split, kennysheep_generic_room_3
D:7:      layout_rooms, minmay_temple_entry_junction, nicolae_ossuary_entry_plus
D:8:      layout_gridville, dpeg_lair_monsters, serial_shops,
          nicolae_shop_behind_doors, nicolae_shop_rolling_square,
          nicolae_shop_scrapyard, shop, enter_bailey_3, minmay_three_doors
D:9:      layout_stronghold, nicolae_hepliaklqana_hazy_memory,
          gammafunk_ghost_hive, kennysheep_cross_room,
          hangedman_abyss_or_decor_passed
D:10:     layout_stronghold, mainiacjoe_overflow_tiny_flanked,
          nicolae_dithmenos_shadow_blocks, serial_shops, shop, minmay_bent
D:11:     layout_irregular_city, orc_david_3, nicolae_trove_entry_diagonal
D:12:     layout_basic
D:13:     minmay_the_grid_octo_tiled_squarecenter_mashed
          [minmay_the_grid_octo_empty, minmay_the_grid_octo_vomiting_pacman,
          minmay_the_grid_octo_odd_swirl, minmay_the_grid_octo_horde,
          minmay_the_grid_square_5x5_megaprize_hollow,
          minmay_the_grid_square_5x5_tie, minmay_the_grid_square_5x5_forky,
          minmay_the_grid_square_5x5_comb, minmay_the_grid_square_5x5_c],
          layout_layer_cave, kennysheep_big_empty_room, grunt_ministairs_8
D:14:     layout_roguey, david_vaults_4, uniq_lodul
D:15:     hangedman_depths_entry_try_elsewhere_first, layout_loops_ring,
          minivault_11, hangedman_abyss_or_decor_clamps, zin_angel
Lair:1:   layout_cave_pods, pdpol_lair_neglected_garden, minmay_shattered_shrine
Lair:2:   layout_regular_city, nicolae_snake_entry_squirm, st_stairs_5,
          minmay_lair_oklob_bushes, patterned_corridor, serial_bayou_shore_b,
          lemuel_fruit_fields, uniq_harold
Lair:3:   layout_misc_corridors, minmay_shoals_entry_hut, serial_bayou_crossing,
          infiniplex_staircase_pool, grunt_megastairs_5, serial_bayou_shore_b,
          lemuel_fruit_tree
Lair:4:   layout_gridlike, ebering_ghost_disaster_area
Lair:5:   minmay_lair_end_enchanted_forest, layout_gridlike, slime_entry_2,
          columned_hall_lemuel, st_stairs_12, serial_bayou_shore_a
Shoals:1: layout_shoals, nicolae_shoals_land_atoll, st_shoals_ruin
Shoals:2: layout_shoals, serial_shops, shop, shop, nicolae_shop_scrapyard,
          nicolae_shop_waterfront, nicolae_shoals_former_cling_halls,
          uniq_ilsuiw
Shoals:3: layout_shoals, gammafunk_ghost_wrathful_warriors,
          nicolae_shop_overcharged_wands
Shoals:4: shoals_end_hellmonk_holy_island
Snake:1:  layout_chambers, nicolae_snake_serpentine_hallways,
          lemuel_oklob_altar, minmay_shop_star
Snake:2:  layout_grid_maze
Snake:3:  layout_layer_cave, minmay_shoptagon, uniq_vashnia, uniq_aizul
Snake:4:  snake_pit, layout_rooms, uniq_donald
Slime:1:  cheibrodos_slime_lost_civilization_9, layout_caves
Slime:2:  layout_caves, dissolution_awaits
Slime:3:  layout_caves
Slime:4:  nicolae_slime_jelly_donut, layout_caves
Slime:5:  slime_pit
Orc:1:    layout_caves, basic_altar, gammafunk_ghost_split, minmay_orc_temple_a
Orc:2:    st_orc_pillars, layout_caves, uniq_josephine
Elf:1:    layout_gridlike, minmay_elf_sorcery, nicolae_wooded_promenade
Elf:2:    elven_hall_of_blades_hangedman_original
          [nicolae_blade_entry_area_security], layout_geoelf_diagonals,
          mu_enter_wizlab_5, serial_co_window_serial, co_window_corner_a,
          co_window_paths_a, co_window_paths_b, co_window_corner_a,
          co_window_paths_a, co_window_unsneaky_path_e, co_window_corner_ca,
          co_window_of_opportunity_b, co_window_unsneaky_path_a,
          glass_columns_a, glass_columns_a, glass_columns_a, serial_shops, shop
Elf:3:    minmay_elf_hall, layout_onion_city, nicolae_elf_altarnating,
          uniq_bai_suzhen
Vaults:1: vaults_room_large_hall, hangedman_vaults_nails,
          nicolae_vaults_offset_grid_hallway_1, v_misc_18,
          vaults_dpeg_encased_lava, v_misc_18, grunt_vaults_swirl,
          hangedman_vaults_variations, nicolae_vaults_triangles,
          nicolae_vaults_tetromino_T_2, nicolae_vaults_shock_wave,
          nicolae_vaults_ring_of_whatevers, layout_vaults_ring, serial_shops,
          shop
Vaults:2: grunt_vaults_hallway_short, hangedman_vaults_hat,
          minmay_crypt_entry_simple_walls, minmay_orc_keep,
          nicolae_vaults_trapezoid_lopsided_2, v_misc_9, nicolae_vaults_swerve,
          nicolae_vaults_storage_room_statues, vaults_room_door_ring,
          layout_vaults_quadrants, serial_shops,
          nicolae_shop_just_a_little_nook, nicolae_shop_statue_plus, shop,
          uniq_norris
Vaults:3: grunt_vaults_trifunnel, hangedman_vaults_locks,
          vaults_mumra_chevron_long, nicolae_vaults_sesquioval_fish,
          ontoclasm_vaults_idyll, v_pattern_2, nicolae_vaults_network_barrier,
          vaults_room_mumra_shop_pool, ontoclasm_vaults_fault,
          nicolae_vaults_two_Ls, dpeg_vaults_monster_row,
          layout_vaults_big_cross, uniq_xtahua, uniq_frederick
Vaults:4: v_alt_pattern_2, nicolae_vaults_closet_pinwheel_2, v_alt_pattern_3,
          nicolae_vaults_more_shelving_1, nicolae_vaults_shrinking_rooms_1,
          vaults_room_stairs_pillars, nicolae_vaults_spaceships,
          ontoclasm_vaults_spin, nicolae_vaults_tangram_1,
          nicolae_vaults_little_guard_posts, nicolae_vaults_circle_grid_a,
          layout_vaults_maze, serial_shops, nicolae_shop_tiny_statue_garden
Vaults:5
Crypt:1:  gammafunk_its_a_trap, layout_misc_corridors, st_burial_chamber,
          uniq_jory
Crypt:2:  layout_chaotic_city, minmay_misc_feat_rows
Crypt:3:  evilmike_haunted_forest
Depths:1: minmay_curly_fans, layout_honeycomb, hell_entry,
          nicolae_figureground_sparkle, nemelex_lonely_heart_becter,
          infiniplex_staircase_pool_lava
Depths:2: minmay_guarded_unrand_sceptre_of_torment, layout_cave_pools,
          enter_ziggurat_e, rand_demon_pan_entry_9, hell_entry, basic_altar,
          fedhas_altar_4, uniq_nikola, uniq_asterion
Depths:3: nicolae_hitomezashi [nicolae_hito_row, nicolae_hito_row,
          nicolae_hito_row, nicolae_hito_row, nicolae_hito_row,
          nicolae_hito_row, nicolae_hito_row, nicolae_hito_row,
          nicolae_hito_row, nicolae_hito_row, nicolae_hito_row,
          nicolae_hito_row, nicolae_hito_row, nicolae_hito_row,
          nicolae_hito_row, nicolae_hito_row, nicolae_hito_row,
          nicolae_hito_row], layout_cave_shapes, minmay_misc_feat_columns,
          abyss_entry_flame_altar, serial_sigils,
          serial_sigils_hangedman_confine, serial_sigils_hangedman_scar,
          serial_sigils_hangedman_carve, hell_entry
Depths:4: lemuel_castle_with_subvaults [lemuel_castle_interior_carwin_3],
          layout_cave_pools, hangedman_coc_ice_floe, kennysheep_pointless_box
Zot:1:    layout_cellular_growth, grunt_ministairs_7
Zot:2:    ebering_klown_carousel, layout_basic, lemuel_elevator
Zot:3:    layout_cellular_growth, skrybe_zot_glass_2
Zot:4:    layout_misc_corridors, amethyst_zot_foddershock, uniq_josephina
Zot:5:    layout_misc_corridors, nicolae_transporter_intersection, uniq_tiamat

Notes
Turn   | Place    | Note
-------+----------+-------------------------------------------
     0 | D:1      | cforsyth the Coglin Gladiator began the quest for the Orb.
     0 | D:1      | Reached XP level 1. HP: 16/16 MP: 1/1
   154 | D:1      | Reached XP level 2. HP: 20/22 MP: 2/2
   400 | D:2      | Reached skill level 1 in Armour
   488 | D:2      | Noticed Sigmund
   492 | D:2      | Reached XP level 3. HP: 21/28 MP: 3/3
   844 | D:2      | Found a shadowy altar of Dithmenos.
  1133 | D:2      | Reached XP level 4. HP: 34/34 MP: 4/4
  1183 | D:2      | Killed Sigmund
  1184 | D:2      | Reached skill level 3 in Fighting
  1184 | D:2      | Reached skill level 4 in Axes
  1184 | D:2      | Reached skill level 2 in Armour
  1184 | D:2      | Reached XP level 5. HP: 39/42 MP: 5/5
  1357 | D:3      | Reached XP level 6. HP: 46/48 MP: 6/6
  1373 | D:3      | Found a glowing drain.
  1377 | Sewer    | Entered a sewer
  1709 | Sewer    | Reached skill level 4 in Fighting
  1709 | Sewer    | Reached skill level 3 in Armour
  2002 | D:3      | Reached skill level 5 in Axes
  2121 | D:3      | Found a shimmering altar of Xom.
  2134 | D:3      | Reached XP level 7. HP: 48/55 MP: 7/7
  2481 | D:3      | Found a broken altar of Ashenzari.
  2624 | D:4      | Noticed Blork the orc
  2630 | D:4      | Killed Blork the orc
  2683 | D:4      | Reached skill level 5 in Fighting
  2683 | D:4      | Reached skill level 4 in Armour
  2749 | D:4      | Noticed Edmund
  2759 | D:4      | Killed Edmund
  2871 | D:4      | Reached XP level 8. HP: 49/63 MP: 8/8
  2972 | D:4      | Reached skill level 6 in Axes
  3064 | D:4      | Noticed Ijyb
  3070 | D:4      | Killed Ijyb
  3226 | D:4      | Noticed Pargi
  3235 | D:4      | Killed Pargi
  3421 | D:4      | Found a runed translucent door.
  3422 | D:4      | Noticed Crazy Yiuf
  3460 | D:5      | Entered Level 5 of the Dungeon
  3519 | D:5      | Reached skill level 6 in Fighting
  3519 | D:5      | Reached skill level 5 in Armour
  4082 | D:5      | Reached skill level 7 in Axes
  4176 | D:5      | Found a shimmering blue altar of Sif Muna.
  4210 | D:5      | Reached XP level 9. HP: 71/71 MP: 9/9
  4564 | D:6      | Found a runed translucent gate.
  4583 | D:6      | Reached skill level 7 in Fighting
  4583 | D:6      | Reached skill level 6 in Armour
  4732 | D:6      | Found a runed translucent gate.
  4732 | D:6      | Found a runed translucent gate.
  4732 | D:6      | Noticed a troll
  4732 | D:6      | Noticed jestert79's ghost (novice CoAr)
  4750 | D:6      | Found a basalt altar of Yredelemnul.
  4961 | D:6      | Reached skill level 8 in Axes
  5221 | D:6      | Reached skill level 8 in Fighting
  5431 | D:7      | Reached skill level 7 in Armour
  5453 | D:7      | Identified the +4 rapier "Zoast" {drain, rC+ Int+3}
  5464 | D:7      | Reached XP level 10. HP: 76/80 MP: 10/10
  5544 | D:7      | Found a staircase to the Ecumenical Temple.
  5661 | D:7      | Found a sand-covered staircase.
  5674 | Ossuary  | Entered an ossuary
  5692 | Ossuary  | Found an ancient bone altar of Kikubaaqudgha.
  5943 | Ossuary  | Reached skill level 9 in Axes
  6524 | D:8      | Reached skill level 9 in Fighting
  6595 | D:8      | Reached skill level 8 in Armour
  6598 | D:8      | Found Idiludugi's Jewellery Emporium.
  6613 | D:8      | Found Mott's Weapon Shoppe.
  6663 | D:8      | Found Ruga's Antique Weapon Emporium.
  6664 | D:8      | Found a flagged portal.
  6679 | Bailey   | Entered a bailey
  6785 | Bailey   | Noticed an orc knight
  6935 | Bailey   | Killed an orc knight
  7033 | Bailey   | Identified the +0 gold dragon scales "Acrupl Zinle" {rPois
                  | rF+ rC+ Slay+3 SInv Stlth-}
  7071 | Bailey   | Noticed an orc knight
  7085 | Bailey   | Killed an orc knight
  7086 | Bailey   | Reached skill level 10 in Axes
  7086 | Bailey   | Reached XP level 11. HP: 59/90 MP: 11/11
  7341 | D:8      | Found Elosolet's General Store.
  7347 | D:8      | Bought a potion of heal wounds for 65 gold pieces
  7347 | D:8      | Bought a potion of might for 52 gold pieces
  7347 | D:8      | Bought a scroll of blinking for 97 gold pieces
  7361 | D:8      | Noticed a green ugly thing
  7367 | D:8      | Killed a green ugly thing
  7368 | D:8      | Reached skill level 10 in Fighting
  7486 | D:8      | Found a staircase to the Lair.
  7604 | D:8      | Noticed a five-headed hydra
  7666 | D:9      | Reached skill level 9 in Armour
  7762 | D:9      | Found a transporter.
  7764 | D:9      | Found a transporter.
  7768 | D:9      | Noticed Sabo's ghost (novice MDFi)
  7972 | D:9      | Found a hazy altar of Hepliaklqana.
  8432 | D:10     | Entered Level 10 of the Dungeon
  8465 | D:10     | Found an iron altar of Okawaru.
  8666 | D:10     | Noticed a centaur warrior
  8677 | D:10     | Killed a centaur warrior
  8678 | D:10     | Reached skill level 11 in Axes
  8688 | D:10     | Noticed a boulder beetle
  8791 | D:10     | Killed a boulder beetle
  8792 | D:10     | Reached skill level 11 in Fighting
  8990 | D:10     | Found Goklurui's Distillery.
  8995 | D:10     | Bought a potion of attraction for 42 gold pieces
  9041 | D:10     | Noticed a two-headed ogre
  9047 | D:10     | Killed a two-headed ogre
  9048 | D:10     | Reached skill level 10 in Armour
  9095 | D:10     | Found a shadowy altar of Dithmenos.
  9509 | D:11     | Noticed a green ugly thing
  9515 | D:11     | Killed a green ugly thing
  9516 | D:11     | Reached XP level 12. HP: 97/100 MP: 12/12
  9663 | D:11     | Noticed a two-headed ogre
  9672 | D:11     | Killed a two-headed ogre
  9744 | D:11     | Found Lifut's Weapon Boutique.
  9746 | D:11     | Found a staircase to the Orcish Mines.
  9890 | D:11     | Noticed a two-headed ogre
  9897 | D:11     | Killed a two-headed ogre
  9924 | D:11     | Noticed a tengu warrior
  9940 | D:11     | Killed a tengu warrior
 10096 | D:11     | Reached skill level 12 in Axes
 10147 | D:11     | Found a portal to a secret trove of treasure.
 10374 | D:12     | Noticed a two-headed ogre
 10378 | D:12     | Reached skill level 12 in Fighting
 10383 | D:12     | Killed a two-headed ogre
 10386 | D:12     | Noticed a boulder beetle
 10449 | D:12     | Killed a boulder beetle
 10532 | D:12     | Reached skill level 11 in Armour
 10686 | D:12     | Identified a scroll of acquirement
 10687 | D:12     | Acquired the +3 pair of seven-league boots {Rampage+∞}
 10687 | D:12     | Found the +3 pair of seven-league boots {Rampage+∞}
 11262 | D:12     | You fall into a shaft and drop 2 floors!
 11300 | D:14     | Gained mutation: Your flesh is cold resistant. (rC+)
                  | [Coglin growth]
 11300 | D:14     | Gained mutation: Your flesh is heat resistant. (rF+)
                  | [Coglin growth]
 11300 | D:14     | Reached XP level 13. HP: 77/109 MP: 13/13
 11451 | D:13     | Reached skill level 13 in Axes
 11576 | D:13     | Reached skill level 13 in Fighting
 12188 | Lair:1   | Entered Level 1 of the Lair of Beasts
 12690 | Lair:1   | Reached skill level 12 in Armour
 13453 | Lair:2   | Noticed Harold
 13468 | Lair:2   | Killed Harold
 14018 | Lair:2   | Found a staircase to the Snake Pit.
 14525 | Lair:3   | Reached skill level 14 in Fighting
 14525 | Lair:3   | Reached skill level 14 in Axes
 14531 | Lair:3   | Reached XP level 14. HP: 85/120 MP: 14/14
 14765 | Lair:3   | Found a staircase to the Shoals.
 15556 | Lair:4   | Reached skill level 13 in Armour
 15717 | Lair:4   | Found a large runed translucent door.
 15718 | Lair:4   | Found a large runed translucent door.
 15728 | Lair:4   | Noticed dogverified's ghost (journeyman TrSh)
 16055 | Lair:5   | Entered Level 5 of the Lair of Beasts
 16055 | Lair:5   | Found a viscous altar of Jiyva.
 16055 | Lair:5   | Found a staircase to the Slime Pits.
 16103 | Lair:5   | Identified 2 potions of resistance
 16886 | Lair:5   | Identified the amulet of Hydabo Siluz {RegenMP Harm rF+
                  | Str-2}
 17726 | D:9      | Reached skill level 15 in Fighting
 17748 | D:9      | Reached skill level 15 in Axes
 17756 | D:9      | Killed Sabo's ghost
 17792 | D:9      | Identified the +6 scale mail of Egalitarianism {Dex+3}
 17944 | D:4      | Killed Crazy Yiuf
 18051 | D:6      | Killed jestert79's ghost
 18867 | Lair:4   | Killed dogverified's ghost
 19219 | D:13     | Reached XP level 15. HP: 79/129 MP: 15/15
 19688 | D:13     | Reached skill level 14 in Armour
 20292 | D:14     | Noticed Lodul
 20324 | D:14     | Killed Lodul
 20957 | D:14     | Found a gate to the Vaults.
 20984 | D:14     | Reached skill level 16 in Fighting
 21069 | D:15     | Entered Level 15 of the Dungeon
 21106 | D:15     | Reached skill level 16 in Axes
 21557 | D:15     | Found a staircase to the Depths.
 22196 | D:15     | Found a glowing silver altar of Zin.
 22196 | D:15     | Noticed an angel
 22477 | Snake:1  | Entered Level 1 of the Snake Pit
 23387 | Snake:1  | Reached XP level 16. HP: 139/139 MP: 16/16
 23403 | Snake:1  | Found Beoluis's Weapon Shoppe.
 23514 | Snake:1  | Reached skill level 15 in Armour
 23658 | Snake:1  | Found a radiant altar of Vehumet.
 24969 | Snake:2  | Reached skill level 17 in Fighting
 24972 | Snake:2  | HP: 10/141 [naga sharpshooter/arrow (17)]
 24972 | Snake:2  | HP: 4/141 [constriction (6)]
 24977 | Snake:2  | HP: 12/141 [poisoned by a naga sharpshooter (splash of
                  | poison)]
 25169 | Snake:2  | Acquired a +1 heavy broad axe
 25414 | Snake:2  | Reached skill level 17 in Axes
 26274 | Snake:3  | Found Egicleh's Antique Armour Boutique.
 26274 | Snake:3  | Found Wisicw's Assorted Antiques.
 26277 | Snake:3  | Noticed Vashnia
 26653 | Snake:3  | HP: 14/141 [naga warrior/+0 flail (12)]
 28133 | Snake:3  | Killed Vashnia
 28330 | Snake:3  | Identified the serpent talisman "Cavviddygg" {rElec Str-2
                  | Dex+4 Slay+2}
 28330 | Snake:3  | Noticed Aizul
 28424 | Snake:3  | Killed Aizul
 28516 | Snake:3  | Noticed a nagaraja
 28571 | Snake:3  | Killed a nagaraja
 28969 | Snake:3  | Identified the +10 falchion "Lexeir" {elec, *Noise rElec
                  | rCorr Stlth+}
 29163 | Snake:3  | Reached skill level 16 in Armour
 29166 | Snake:3  | Reached XP level 17. HP: 122/149 MP: 17/17
 29539 | Snake:4  | Entered Level 4 of the Snake Pit
 29539 | Snake:4  | Noticed Donald
 29556 | Snake:3  | Killed Donald
 29721 | Snake:3  | Reached skill level 3 in Dodging
 30284 | Snake:4  | Reached skill level 18 in Fighting
 30438 | Snake:4  | Reached skill level 4 in Dodging
 30627 | Snake:3  | Reached skill level 18 in Axes
 31115 | Snake:4  | Reached skill level 5 in Dodging
 31582 | Snake:4  | Identified the +0 ring mail of Damp the Leaf {Str+5}
 31810 | Snake:4  | Reached skill level 6 in Dodging
 32479 | Snake:4  | Got a serpentine rune of Zot
 32718 | Shoals:1 | Entered Level 1 of the Shoals
 32745 | Shoals:1 | Reached XP level 18. HP: 144/159 MP: 18/18
 33474 | Shoals:1 | Identified the ring "Iseviesa" {rPois rC+ AC+4 Dex+2}
 33648 | Shoals:1 | Reached skill level 7 in Dodging
 34234 | Shoals:1 | Reached skill level 19 in Fighting
 34453 | Snake:3  | Bought a potion of curing for 84 gold pieces
 34650 | D:10     | Bought a potion of curing for 42 gold pieces
 34650 | D:10     | Bought a potion of curing for 42 gold pieces
 34686 | D:11     | You paid a toll of 19 potions of curing to enter a treasure
                  | trove
 34687 | Trove    | Entered a treasure trove
 34694 | Trove    | Identified the +7 crystal plate armour of Fuis Zue
                  | {*Corrode rPois rN+ Will+}
 34703 | Trove    | Identified the amulet "Boec" {Acrobat rF++}
 34705 | Trove    | Identified the orb of Wu Jian {guile, rElec rC+}
 34718 | Trove    | Identified the amulet of Geipteytt {Acrobat rPois Str-3
                  | Dex+2 SInv}
 34722 | Trove    | Identified the amulet "Futin" {Acrobat Dex+5}
 34723 | Trove    | Identified the +7 broad axe "Yczic" {freeze, Will+ Int+5
                  | Dex-4}
 35328 | Shoals:2 | Noticed Ilsuiw
 35357 | Shoals:2 | Killed Ilsuiw
 35368 | Shoals:2 | Reached skill level 8 in Dodging
 35399 | Shoals:2 | Found Homath's Antique Armour Emporium.
 35407 | Shoals:2 | Bought a shiny helmet for 292 gold pieces
 35407 | Shoals:2 | Bought a bloodstained scale mail for 351 gold pieces
 35407 | Shoals:2 | Identified the +6 scale mail "Ocirhull" {rElec rPois rN+
                  | Int-5} (You bought it in a shop on level 2 of the Shoals)
 35432 | Shoals:2 | Found Nable's Antique Weapon Boutique.
 35716 | Shoals:2 | Found Waenixka's Armour Emporium.
 35754 | Shoals:2 | Found Rycy's Magic Scroll Emporium.
 35771 | Shoals:2 | Bought a scroll of teleportation for 42 gold pieces
 35771 | Shoals:2 | Bought a scroll of teleportation for 42 gold pieces
 36080 | Shoals:3 | Found a transporter.
 36082 | Shoals:3 | Found a transporter.
 36143 | Shoals:3 | Noticed Zays's ghost (adept GrEE)
 36149 | Shoals:3 | Found a bloodstained altar of Trog.
 36477 | Shoals:3 | Found Ocvuthas's Overcharged Wands.
 36719 | Shoals:4 | Entered Level 4 of the Shoals
 36731 | Shoals:4 | Reached skill level 9 in Dodging
 36915 | Shoals:4 | Reached skill level 20 in Fighting
 37056 | Shoals:4 | Reached skill level 10 in Dodging
 37120 | Shoals:4 | Reached XP level 19. HP: 156/169 MP: 19/19
 37593 | Shoals:4 | Found a glowing golden altar of the Shining One.
 37625 | Shoals:4 | Got a barnacled rune of Zot
 37628 | Shoals:4 | Got the Essays on the Non-linear Sarcophagus
 37787 | Shoals:4 | Found a white marble altar of Elyvilon.
 37902 | Shoals:4 | Found a glowing silver altar of Zin.
 37914 | Shoals:4 | Identified the +10 long sword of the Girdle {flame, rElec
                  | rF+ Will-}
 38259 | Vaults:1 | Entered Level 1 of the Vaults
 38268 | Vaults:1 | Reached skill level 11 in Dodging
 38490 | Vaults:1 | Reached skill level 21 in Fighting
 38554 | Vaults:1 | Found Feaclaenk's Distillery.
 38561 | Vaults:1 | Bought a potion of berserk rage for 70 gold pieces
 38704 | Vaults:1 | Reached skill level 12 in Dodging
 39282 | Vaults:1 | Reached XP level 20. HP: 144/180 MP: 11/20
 39490 | Vaults:2 | Found Bokixouz's General Store.
 39655 | Vaults:2 | Noticed a curse skull
 39661 | Vaults:2 | Noticed Norris
 39922 | Vaults:2 | Reached skill level 13 in Dodging
 40042 | Vaults:2 | HP: 18/182 [??? (16)]
 40050 | Vaults:2 | Killed a curse skull
 40386 | Vaults:2 | Reached skill level 22 in Fighting
 40410 | Vaults:2 | HP: 3/182 [Norris/+0 halberd (24)]
 40412 | Vaults:2 | Killed Norris
 40719 | Vaults:2 | Found Fatheig's Weapon Shoppe.
 41089 | Vaults:2 | Found a staircase to the Crypt.
 41434 | Vaults:2 | Found Aqeto's General Store.
 41442 | Vaults:2 | Bought a scroll of teleportation for 48 gold pieces
 41552 | Vaults:3 | Reached skill level 14 in Dodging
 41947 | Vaults:3 | Identified the orb "Fick" {*channel, Will- Str+2 Dex+6
                  | SInv}
 41947 | Vaults:3 | Noticed Frederick
 41955 | Vaults:3 | Killed Frederick
 42047 | Vaults:3 | Found Hecuin's Book Boutique.
 42158 | Vaults:3 | Reached XP level 21. HP: 181/191 MP: 21/21
 42244 | Vaults:3 | Reached skill level 15 in Dodging
 42391 | Vaults:3 | Identified the +0 pair of boots "Awiok" {Regen+ rCorr}
 42578 | Vaults:3 | Noticed Xtahua
 42588 | Vaults:3 | Killed Xtahua
 43193 | Vaults:3 | Reached skill level 17 in Armour
 43443 | Vaults:4 | Found Apapt's General Store.
 43678 | Vaults:4 | Reached skill level 16 in Dodging
 44438 | Orc:1    | Entered Level 1 of the Orcish Mines
 44803 | Shoals:4 | Became a worshipper of the Shining One
 45183 | Orc:1    | Found a runed translucent gate.
 45184 | Orc:1    | Found a runed translucent gate.
 45184 | Orc:1    | Noticed Yxorellae's ghost (adept MiFi)
 45185 | Orc:1    | Found a runed translucent gate.
 45223 | Orc:1    | Found a roughly hewn altar of Beogh.
 45381 | Orc:1    | Found a roughly hewn altar of Beogh.
 45383 | Orc:1    | Reached * piety under the Shining One
 45879 | Orc:1    | Killed Yxorellae's ghost
 45915 | Orc:2    | Entered Level 2 of the Orcish Mines
 46000 | Orc:2    | Reached ** piety under the Shining One
 46228 | Orc:2    | Reached XP level 22. HP: 190/198 MP: 22/22
 46309 | Orc:2    | Reached *** piety under the Shining One
 46374 | Orc:2    | Found Imou's Jewellery Emporium.
 46377 | Orc:2    | Found Gihycra's Antique Armour Emporium.
 46378 | Orc:2    | Found Zurefib's Antique Armour Emporium.
 46379 | Orc:2    | Found Esaurotulo's Magic Scroll Shoppe.
 46385 | Orc:2    | Bought a scroll of teleportation for 36 gold pieces
 46385 | Orc:2    | Bought a scroll of teleportation for 36 gold pieces
 46385 | Orc:2    | Bought a scroll of teleportation for 36 gold pieces
 46385 | Orc:2    | Bought a scroll of enchant armour for 90 gold pieces
 46445 | Orc:2    | Found a staircase to the Elven Halls.
 46516 | Orc:2    | Noticed Josephine
 46518 | Orc:2    | Killed Josephine
 46720 | Elf:1    | Entered Level 1 of the Elven Halls
 46724 | Elf:1    | Reached skill level 18 in Armour
 46879 | Elf:1    | Reached **** piety under the Shining One
 46884 | Elf:1    | Reached skill level 17 in Dodging
 47021 | Elf:1    | Found Koneorur's Armour Shop.
 47023 | Elf:1    | Found Ris Ugana's Assorted Antiques.
 47024 | Elf:1    | Found Imyiczy's Distillery.
 47024 | Elf:1    | Found Oger Vot's General Store.
 47028 | Elf:1    | Bought a pair of glowing boots for 262 gold pieces
 47038 | Elf:1    | Bought a potion of might for 52 gold pieces
 47260 | Elf:1    | Got the Parchment of Beckoning
 47474 | Elf:2    | Found Vaceph's Assorted Antiques.
 47477 | Elf:2    | Bought 3 scrolls of brand weapon for 855 gold pieces
 47505 | Elf:2    | Found a magical portal.
 47516 | WizLab   | Entered Yara's Duelist Academy
 47638 | WizLab   | Got Yara's Opusculum on Fate
 47676 | WizLab   | Noticed Omolem
 47683 | WizLab   | Killed Omolem the Head Instructor
 47761 | WizLab   | Got Yara's Incunable of Ill Luck
 48367 | Elf:2    | Found a runed translucent gate.
 48367 | Elf:2    | Found a runed translucent gate.
 48367 | Elf:2    | Found a runed translucent gate.
 48614 | Elf:2    | Reached skill level 19 in Armour
 48950 | Elf:3    | Entered Level 3 of the Elven Halls
 49036 | Elf:3    | Reached ***** piety under the Shining One
 49517 | Elf:3    | Found a hide-covered altar of Uskayaw.
 49517 | Elf:3    | Identified the +8 mace "Trog's Hatred" {elec, ^Drain rElec
                  | rN++ Str+3}
 49660 | Elf:3    | Reached skill level 20 in Armour
 49669 | Elf:3    | Reached XP level 23. HP: 205/205 MP: 23/23
 49779 | Elf:3    | Identified the +12 trident "Gautt" {freeze, Dex+4}
 49842 | Elf:3    | Identified the dragon-blood talisman "Govvumn" {rElec rC+
                  | rCorr Slay+2}
 49842 | Elf:3    | Noticed Bai Suzhen
 49857 | Elf:3    | Killed Bai Suzhen
 50064 | Elf:3    | Identified the ring of Muibagg {Ice Will+ Slay+2}
 50073 | Elf:3    | Identified the ring "Luci" {Ice rElec rN+ Will+ Dex-3}
 50113 | Elf:3    | Found the +6 arbalest "Damnation" {damnation}
 50128 | Elf:3    | Got the Spellbook of the Snake and Malediction
 50223 | Elf:3    | Got the Essays on Calling
 50790 | Vaults:5 | Entered Level 5 of the Vaults
 50790 | Vaults:5 | Noticed a golden dragon
 50825 | Vaults:4 | Reached skill level 21 in Armour
 51086 | Vaults:4 | Killed a golden dragon
 52142 | Vaults:5 | Noticed a golden dragon
 52147 | Vaults:5 | Killed a golden dragon
 52314 | Vaults:5 | Reached ****** piety under the Shining One
 52317 | Vaults:5 | Noticed a dread lich
 52362 | Vaults:5 | Reached skill level 22 in Armour
 52381 | Vaults:5 | Got a silver rune of Zot
 52383 | Vaults:5 | Got the Handbook of Algor
 52405 | Vaults:5 | Found the amulet of Vitality {RegenMP++ Regen++}
 52475 | Vaults:5 | Identified the +10 battleaxe "Wyaj" {drain, Fly rN+}
 52799 | Vaults:5 | Identified the +4 quarterstaff "Undertaker" {drain, rElec
                  | MP+9}
 52897 | Vaults:5 | Noticed a golden dragon
 53033 | Vaults:4 | Reached XP level 24. HP: 150/213 MP: 23/23
 53102 | Vaults:5 | Reached skill level 23 in Armour
 53118 | Vaults:5 | Killed a dread lich
 53242 | Vaults:5 | Found Cevonixa's Jewellery Shoppe.
 53254 | Vaults:5 | Got Acsauv's Mysticism, Volume Eight
 53463 | Vaults:5 | Reached skill level 1 in Invocations
 53875 | Vaults:5 | Got the Vellum of Assistive Pyromancy
 54072 | Crypt:1  | Entered Level 1 of the Crypt
 54085 | Crypt:1  | Reached skill level 2 in Invocations
 54113 | Crypt:1  | Noticed Jory
 54130 | Crypt:1  | Killed Jory
 54131 | Crypt:1  | Reached skill level 3 in Invocations
 54308 | Crypt:1  | Reached skill level 4 in Invocations
 54324 | Crypt:1  | Found a transporter.
 54413 | Crypt:1  | Reached skill level 5 in Invocations
 54509 | Crypt:1  | Found a transporter.
 54743 | Crypt:2  | Noticed a curse skull
 54754 | Crypt:2  | Killed a curse skull
 54811 | Crypt:2  | Reached skill level 6 in Invocations
 54858 | Crypt:2  | Reached skill level 7 in Invocations
 55289 | Crypt:2  | Reached skill level 8 in Invocations
 55451 | Crypt:3  | Entered Level 3 of the Crypt
 55724 | Crypt:3  | Reached skill level 9 in Invocations
 55770 | Crypt:3  | Found an ancient bone altar of Kikubaaqudgha.
 55985 | Crypt:3  | Reached skill level 10 in Invocations
 56031 | Crypt:3  | Identified the staff "Wag Ugoe" {+Blink rPois rC+ Int-2
                  | Alchemy}
 56034 | Crypt:3  | Noticed an ancient lich
 56042 | Crypt:3  | Killed an ancient lich
 56043 | Crypt:3  | Reached XP level 25. HP: 219/219 MP: 30/30
 56527 | Crypt:3  | Reached skill level 11 in Invocations
 56540 | Crypt:3  | Found a staircase to the Tomb.
 56927 | Crypt:3  | Noticed a curse skull
 56937 | Crypt:3  | Killed a curse skull
 56948 | Crypt:3  | Noticed a curse skull
 56958 | Crypt:3  | Killed a curse skull
 58067 | Shoals:3 | Killed Zays's ghost
 58649 | Crypt:1  | Noticed an ancient lich
 58649 | Crypt:1  | Noticed a curse skull
 58654 | Crypt:1  | Killed a curse skull
 58665 | Crypt:1  | Noticed a royal mummy
 58665 | Crypt:1  | Killed an ancient lich
 58668 | Crypt:1  | Reached skill level 12 in Invocations
 58671 | Crypt:1  | Killed a royal mummy
 58718 | Crypt:1  | Identified the ring "Joce" {rC+ Will+ Str+4}
 58728 | Crypt:1  | Identified the ring of Jotejiesk {*Slow rN+ rCorr Str+4
                  | Dex+6}
 59327 | Depths:1 | Entered Level 1 of the Depths
 59541 | Depths:1 | Found a gateway to Hell.
 59660 | Depths:1 | Found a sparkling altar of Nemelex Xobeh.
 59716 | Depths:1 | Reached skill level 13 in Invocations
 60226 | Depths:2 | Acquired 305 gold pieces
 60242 | Depths:2 | Noticed Nikola
 60248 | Depths:2 | Killed Nikola
 60258 | Depths:2 | Identified the +4 kite shield of Doitu {rN+ Dex-3 SInv}
 60258 | Depths:2 | Noticed Asterion
 60271 | Depths:2 | Killed Asterion
 60281 | Depths:2 | Reached skill level 14 in Invocations
 60306 | Depths:2 | Reached skill level 19 in Axes
 60326 | Depths:2 | Reached skill level 23 in Fighting
 60374 | Depths:2 | Found a one-way gateway to a ziggurat.
 60435 | Depths:2 | Found a blossoming altar of Fedhas.
 60547 | Depths:2 | Found a one-way gate leading to the halls of Pandemonium.
 60627 | Depths:2 | Noticed a royal mummy
 60638 | Depths:2 | Killed a royal mummy
 60641 | Depths:2 | Noticed a royal mummy
 61204 | Depths:2 | Noticed a royal mummy
 61210 | Depths:2 | Killed a royal mummy
 61223 | Depths:2 | Found the +7 sceptre of Torment {pain, torment}
 61372 | Depths:2 | Found a bloodstained altar of Trog.
 61410 | Depths:2 | Killed a royal mummy
 61413 | Depths:2 | Found a one-way gateway to a ziggurat.
 61682 | Depths:2 | Found a blossoming altar of Fedhas.
 61873 | Depths:2 | Found a one-way gate leading to the halls of Pandemonium.
 62019 | Depths:3 | Found a corrupted altar of Lugonu.
 62019 | Depths:3 | Found a one-way gate to the infinite horrors of the Abyss.
 62062 | Depths:3 | Reached XP level 26. HP: 215/229 MP: 33/33
 62107 | Depths:3 | You fall into a shaft and drop 1 floor!
 62107 | Depths:4 | Entered Level 4 of the Depths
 62746 | Depths:4 | Reached skill level 20 in Axes
 63039 | Depths:3 | Reached skill level 24 in Fighting
 63508 | Depths:4 | Identified the +1 buckler of Untruth {+Blink}
 63678 | Depths:4 | Reached skill level 21 in Axes
 63748 | Depths:4 | Found a gate to the Realm of Zot.
 64172 | Zot:1    | Entered Level 1 of the Realm of Zot
 64523 | Zot:1    | Reached XP level 27. HP: 240/240 MP: 33/33
 64579 | Zot:1    | Reached skill level 25 in Fighting
 65080 | Zot:2    | Noticed a dread lich
 65097 | Zot:1    | Killed a dread lich
 65181 | Zot:2    | Reached skill level 22 in Axes
 65342 | Zot:2    | Noticed a curse toe
 65366 | Zot:2    | Killed a curse toe
 66507 | Orc:2    | Bought a scroll of revelation for 90 gold pieces
 67196 | Slime:1  | Entered Level 1 of the Pits of Slime
 67798 | Slime:2  | Noticed Dissolution
 67807 | Slime:1  | Killed Dissolution
 68028 | Slime:2  | Reached skill level 26 in Fighting
 68291 | Slime:3  | Gained mutation: You have a somewhat thin skeletal
                  | structure. (Dex +2, Stealth+) [a shining eye]
 68292 | Slime:3  | Gained mutation: You are dopey. (Int -2) [a shining eye]
 68643 | Slime:4  | Reached skill level 23 in Axes
 69132 | Slime:5  | Entered Level 5 of the Pits of Slime
 69620 | Slime:5  | Noticed the Royal Jelly
 69735 | Slime:5  | Gained mutation: You have supernaturally acute eyesight.
                  | (SInv) [a shining eye]
 69915 | Slime:5  | Killed the Royal Jelly
 69998 | Slime:5  | Identified the staff of the Sugar Beet {rCorr Str+5 Dex-5
                  | Earth}
 70024 | Slime:5  | Identified the staff of Quiescent Innocence {rF- rN+ Int+4
                  | Conj Hexes}
 70049 | Slime:5  | Identified the +5 war axe of Gozag's Anger {protect, +Blink
                  | rF++}
 70061 | Slime:5  | Identified the +1 ring mail of Chimes {-Cast Fly Will+++
                  | Str-2}
 70076 | Slime:5  | Identified the +5 halberd "Byr Rust" {distort, Dex+3
                  | Stlth+}
 70085 | Slime:5  | Identified the +6 spear of Potues {vamp, rElec rC+ Dex-3
                  | SInv}
 70087 | Slime:5  | Got a slimy rune of Zot
 70088 | Slime:5  | Identified the +2 robe "Vywustruv" {rC+ rCorr Dex-4}
 70091 | Slime:5  | Identified the staff of Fortitude {^Fragile rPois Conj Fire
                  | Ice}
 70097 | Slime:5  | Got the Lectures on Wispy Remains
 71068 | Zot:3    | Noticed an electric golem
 71073 | Zot:3    | Killed an electric golem
 71080 | Zot:3    | Noticed an electric golem
 71089 | Zot:3    | Killed an electric golem
 71271 | Zot:3    | Reached skill level 24 in Axes
 71597 | Zot:4    | Reached skill level 27 in Fighting
 72296 | Zot:4    | Noticed an electric golem
 72321 | Zot:4    | Noticed an electric golem
 72339 | Zot:4    | Killed an electric golem
 72340 | Zot:4    | Reached skill level 25 in Axes
 72341 | Zot:4    | Killed an electric golem
 72657 | Zot:4    | Identified the +4 buckler of Juevie {rPois Dex+2}
 72690 | Zot:5    | Entered Level 5 of the Realm of Zot
 72718 | Zot:5    | Found a transporter.
 72735 | Zot:5    | Found a transporter.
 72810 | Zot:5    | Found the +4 dragonskin cloak
 72810 | Zot:5    | Noticed Tiamat
 72993 | Zot:4    | Killed Tiamat
 73294 | Zot:4    | Reached skill level 26 in Axes
 73393 | Zot:5    | Noticed an orb of fire
 73558 | Zot:5    | Killed an orb of fire
 73566 | Zot:5    | Noticed an orb of fire
 73569 | Zot:5    | Noticed an orb of fire
 73575 | Zot:5    | Gained mutation: Your body sometimes deteriorates upon
                  | taking damage. [an orb of fire]
 73577 | Zot:5    | Killed an orb of fire
 73579 | Zot:5    | Killed an orb of fire
 73583 | Zot:5    | Reached skill level 27 in Axes
 73890 | Zot:5    | Noticed an orb of fire
 73901 | Zot:5    | Killed an orb of fire
 73995 | Zot:5    | Noticed an orb of fire
 73998 | Zot:5    | Noticed a dread lich
 74007 | Zot:5    | Gained mutation: Your body often deteriorates upon taking
                  | damage. [an orb of fire]
 74008 | Zot:5    | Killed an orb of fire
 74013 | Zot:5    | Killed a dread lich
 74106 | Zot:5    | Found a transporter.
 74152 | Zot:5    | Found a transporter.
 74497 | Zig:1    | Entered Level 1 of a ziggurat
 74509 | Zig:2    | Entered Level 2 of a ziggurat
 74525 | Zig:3    | Entered Level 3 of a ziggurat
 74553 | Zig:4    | Entered Level 4 of a ziggurat
 74555 | Zig:4    | Noticed a curse skull
 74562 | Zig:4    | Killed a curse skull
 74777 | Zig:5    | Entered Level 5 of a ziggurat
 74789 | Zig:5    | Got the Compilation of Telluric Places
 74812 | Zig:6    | Entered Level 6 of a ziggurat
 74855 | Zig:7    | Entered Level 7 of a ziggurat
 74868 | Zig:7    | Reached skill level 24 in Armour
 74878 | Zig:7    | Identified the +5 flail "Qent" {holy, rCorr Str+3}
 74893 | Zig:8    | Entered Level 8 of a ziggurat
 74898 | Zig:8    | Gained mutation: Armour fits poorly on your strangely
                  | shaped body. [a shining eye]
 74950 | Zig:8    | Identified the +10 whip of War {pain, rPois Will- rCorr
                  | Str-2}
 74957 | Zig:9    | Entered Level 9 of a ziggurat
 74966 | Zig:9    | Noticed an ancient lich
 74966 | Zig:9    | Noticed a dread lich
 74975 | Zig:9    | Killed a dread lich
 74981 | Zig:9    | Killed an ancient lich
 74988 | Zig:9    | Identified the +7 mace "Zifesye" {pain, rN+ Str+3}
 75004 | Zig:10   | Entered Level 10 of a ziggurat
 75153 | Zig:10   | Identified the ring "Pufuh" {EV+5 Dex+5 Stlth+}
 75489 | Zot:5    | Noticed an electric golem
 75570 | Zot:5    | Noticed an electric golem
 75637 | Zot:5    | Killed an electric golem
 75702 | Zot:5    | Found a transporter.
 75718 | Zot:5    | Found a transporter.
 75737 | Zot:5    | Found a transporter.
 75770 | Zot:5    | Found a transporter.
 75787 | Zot:5    | Killed an electric golem
 75921 | Zot:5    | Noticed an ancient lich
 75928 | Zot:5    | Noticed an orb of fire
 75938 | Zot:5    | Gained mutation: You have hidden genetic defects. [an orb
                  | of fire]
 75940 | Zot:5    | Killed an orb of fire
 76018 | Zot:5    | Killed an ancient lich
 76019 | Zot:5    | Reached skill level 25 in Armour
 76163 | Zot:5    | Found a transporter.
 76179 | Zot:5    | Found a transporter.
 76198 | Zot:5    | Found a transporter.
 76223 | Zot:5    | Found a transporter.
 76367 | Zot:5    | Noticed an orb of fire
 76450 | Zot:5    | Found a transporter.
 76466 | Zot:5    | Found a transporter.
 76484 | Zot:5    | Found a transporter.
 76509 | Zot:5    | Found a transporter.
 76651 | Zot:5    | Gained mutation: Your magical capacity is low. (-10% MP)
                  | [an orb of fire]
 76655 | Zot:5    | Noticed an orb of fire
 76658 | Zot:5    | Killed an orb of fire
 76662 | Zot:5    | Killed an orb of fire
 76683 | Zot:5    | Noticed an orb of fire
 76692 | Zot:5    | Killed an orb of fire
 76940 | Zot:5    | Gained mutation: Your health recovers twice as slowly from
                  | being drained. [hidden defects]
 77052 | Zot:5    | Identified the +1 scale mail "Omeer" {Will- Int+4 Dex+3
                  | SInv}
 77295 | Zot:5    | Lost mutation: You are dopey. (Int -2) [potion of mutation]
 77295 | Zot:5    | Lost mutation: You have supernaturally acute eyesight.
                  | (SInv) [potion of mutation]
 77295 | Zot:5    | Gained mutation: Your spells are a little harder to cast,
                  | but a little more powerful. [potion of mutation]
 77296 | Zot:5    | Lost mutation: You have a somewhat thin skeletal structure.
                  | (Dex +2, Stealth+) [potion of mutation]
 77296 | Zot:5    | Lost mutation: Your health recovers twice as slowly from
                  | being drained. [potion of mutation]
 77296 | Zot:5    | Lost mutation: Your magical capacity is low. (-10% MP)
                  | [potion of mutation]
 77296 | Zot:5    | Gained mutation: You are frail. (-10% HP) [potion of
                  | mutation]
 77297 | Zot:5    | Lost mutation: Your body often deteriorates upon taking
                  | damage. [potion of mutation]
 77297 | Zot:5    | Lost mutation: Your body sometimes deteriorates upon taking
                  | damage. [potion of mutation]
 77297 | Zot:5    | Gained mutation: You are very frail. (-20% HP) [potion of
                  | mutation]
 77298 | Zot:5    | Lost mutation: Armour fits poorly on your strangely shaped
                  | body. [potion of mutation]
 77298 | Zot:5    | Lost mutation: You are very frail. (-20% HP) [potion of
                  | mutation]
 77298 | Zot:5    | Gained mutation: You sometimes lose your temper in combat.
                  | [potion of mutation]
 77298 | Zot:5    | Gained mutation: You are partially covered in iridescent
                  | scales. (AC +2) [potion of mutation]
 77299 | Zot:5    | Lost mutation: You sometimes lose your temper in combat.
                  | [potion of mutation]
 77299 | Zot:5    | Lost mutation: Your spells are a little harder to cast, but
                  | a little more powerful. [potion of mutation]
 77299 | Zot:5    | Lost mutation: You have hidden genetic defects. [potion of
                  | mutation]
 77299 | Zot:5    | Gained mutation: Your spells are a little easier to cast,
                  | but a little less powerful. [potion of mutation]
 77299 | Zot:5    | Gained mutation: You sometimes lose your temper in combat.
                  | [potion of mutation]
 77299 | Zot:5    | Gained mutation: You are partially covered in large bone
                  | plates. (SH +4) [potion of mutation]
 77300 | Zot:5    | Lost mutation: You are partially covered in large bone
                  | plates. (SH +4) [potion of mutation]
 77300 | Zot:5    | Lost mutation: Your spells are a little easier to cast, but
                  | a little less powerful. [potion of mutation]
 77300 | Zot:5    | Lost mutation: You sometimes lose your temper in combat.
                  | [potion of mutation]
 77301 | Zot:5    | Lost mutation: You are frail. (-10% HP) [potion of
                  | mutation]
 77301 | Zot:5    | Lost mutation: You are partially covered in iridescent
                  | scales. (AC +2) [potion of mutation]
 77301 | Zot:5    | Gained mutation: You have a pair of small antennae on your
                  | head. [potion of mutation]
 77301 | Zot:5    | Gained mutation: You are partially covered in iridescent
                  | scales. (AC +2) [potion of mutation]
 77301 | Zot:5    | Gained mutation: You are frail. (-10% HP) [potion of
                  | mutation]
 77302 | Zot:5    | Lost mutation: You have a pair of small antennae on your
                  | head. [potion of mutation]
 77302 | Zot:5    | Lost mutation: You are frail. (-10% HP) [potion of
                  | mutation]
 77302 | Zot:5    | Lost mutation: You are partially covered in iridescent
                  | scales. (AC +2) [potion of mutation]
 77302 | Zot:5    | Gained mutation: You have hidden genetic defects. [potion
                  | of mutation]
 77397 | Zot:5    | Got the Orb of Zot
 77608 | Depths:4 | Reached skill level 26 in Armour
 77761 | Depths:1 | Noticed Conofuc the pandemonium lord
 77771 | Depths:1 | Killed Conofuc the pandemonium lord
 78049 | D:4      | Noticed Angam the pandemonium lord
 78070 | D:4      | Killed Angam the pandemonium lord
 78086 | D:3      | Noticed Tanop the pandemonium lord
 78139 | D:$      | Escaped with the Orb!

Vanquished Creatures
  the Royal Jelly (Slime:5)
  Dissolution (Slime:1)
  4 dread liches
  Frederick (Vaults:3)
  Tiamat (Zot:4)
  9 orbs of fire (Zot:5)
  4 ancient liches
  Xtahua (Vaults:3)
  4 royal mummies
  Bai Suzhen (Elf:3)
  5 Killer Klowns
  A Head Instructor (WizLab)
  Vashnia (Snake:3)
  17 golden dragons
  Nikola (Depths:2)
  A curse toe (Zot:2)
  Jory (Crypt:1)
  Norris (Vaults:2)
  6 electric golems
  2 Tzitzimimeh (Depths:1)
  A Hell Sentinel (D:14)
  4 deep elf blademasters (Elf:3)
  14 tentacled monstrosities
  4 liches
  An Ice Fiend (Depths:4)
  Asterion (Depths:2)
  3 titans
  3 sphinxes
  29 Orb Guardians
  14 quicksilver dragons
  5 deep elf master archers (Elf:3)
  A kraken (Shoals:4)
  2 Executioners
  5 ancient champions
  23 acid blobs
  2 pandemonium lords
  11 shadow dragons
  8 death cobs
  The ghost of Yxorellae the Warrior, an adept MiFi of Hepliaklqana (Orc:1)
  16 storm dragons
  Donald (Snake:3)
  8 draconian monks
  Aizul (Snake:3)
  10 rockslimes
  9 fire giants
  7 tengu reavers
  3 revenants
  Ilsuiw (Shoals:2)
  2 draconian knights
  16 azure jellies
  4 protean progenitors
  4 nagarajas
  2 emperor scorpions (Zig:10)
  7 deep elf sorcerers
  21 vault wardens
  7 frost giants
  The ghost of Zays the Fighter, an adept GrEE of Okawaru (Shoals:3)
  2 draconian shifters
  6 curse skulls
  4 draconian scorchers
  An angel (Shoals:4)
  An iron dragon (Vaults:4)
  5 deep elf elementalists (Elf:3)
  3 ghost moths
  A balrug (Zot:2)
  6 reapers
  3 orc warlords
  A caustic shrike zombie (Crypt:3)
  3 ghouls
  A broodmother (Zig:10)
  12 quicksilver oozes
  26 ironbound preservers
  5 draconian annihilators
  26 very ugly things
  4 draconian stormcallers
  The ghost of dogverified the Grappler, a journeyman TrSh of Wu Jian (Lair:4)
  A spriggan defender (Depths:2)
  A caustic shrike skeleton (Crypt:3)
  15 stone giants
  7 ironbound thunderhulks
  5 deep elf demonologists
  6 formless jellyfish
  11 vampire knights
  16 black draconians
  11 green draconians
  9 purple draconians
  11 spark wasps
  A lorocyproca (Depths:2)
  2 apis (Shoals:4)
  8 red draconians
  11 deep elf death magi
  16 dire elephants
  8 yellow draconians
  3 war gargoyles
  9 deep elf annihilators
  9 eidola (Crypt:3)
  13 white draconians
  A blizzard demon (Depths:4)
  16 ettins
  A quicksilver dragon zombie (Crypt:3)
  15 yaktaur captains
  10 jiangshi
  6 merfolk javelineers
  3 mummy priests
  11 fire dragons
  15 merfolk impalers
  3 crystal guardians
  Josephine (Orc:2)
  A deep elf high priest (Vaults:4)
  Harold (Lair:2)
  A shambling mangrove (Zig:3)
  2 spriggan zombies (Crypt:3)
  29 vault guards
  A rakshasa (D:13)
  An ogre mage (Vaults:5)
  11 ironbound frosthearts
  A quicksilver dragon skeleton (Crypt:2)
  5 hydras
  A hell beast (Depths:2)
  3 great orbs of eyes
  4 salamander tyrants
  4 ice dragons
  3 peacekeepers
  3 radroaches
  5 merfolk avatars
  11 spriggan air magi
  13 boulder beetles
  9 anacondas
  A two-headed ogre (shapeshifter) (D:14)
  2 satyrs
  11 centaur warriors
  2 death knights
  28 dancing weapons
  7 merfolk aquamancers
  4 death yaks
  7 deep troll shamans
  3 tengu warriors
  The ghost of Sabo the Spear-Bearer, a novice MDFi of Gozag (D:9)
  7 two-headed ogres
  10 orc high priests
  8 vampire magi
  2 thrashing horrors (Zig:7)
  8 shock serpents
  19 naga warriors
  6 spriggan berserkers
  6 deep troll earth magi
  A titan zombie (Crypt:3)
  2 occultists (WizLab)
  A shock serpent (shapeshifter) (Vaults:5)
  20 naga sharpshooters
  8 soul eaters
  A storm dragon zombie (Crypt:3)
  3 iron trolls
  3 titan skeletons
  28 skeletal warriors
  8 hell knights
  7 skysharks
  18 deep elf knights
  9 salamander mystics
  A sixfirhy (Depths:2)
  2 wretched stars (Zig:7)
  Lodul (D:14)
  9 sea snakes
  A skyshark (shapeshifter) (Vaults:5)
  A storm dragon skeleton (Crypt:3)
  The ghost of jestert79 the Carver, a novice CoAr (D:6)
  A goliath frog (Zig:3)
  A pharaoh ant (Zig:10)
  7 large abominations
  6 flayed ghosts
  A bunyip zombie (Crypt:3)
  4 cherubim
  4 orb spiders
  3 glowing orange brains
  11 mana vipers
  A shadow demon (Zot:3)
  10 deep elf archers
  8 arcanists
  An obsidian statue (Zot:5)
  78 deep trolls
  18 phantasmal warriors
  21 ironbound convokers
  A death drake (Depths:3)
  An orange crystal statue (Zot:5)
  30 deep elf pyromancers
  5 lindwurms
  7 naga ritualists
  19 orc knights
  20 harpies
  A lightning spire (Zot:4)
  An elf skeleton (Vaults:4)
  6 thermic dynamos
  6 wolf spiders
  A steelbarb worm (Zig:10)
  19 deep elf zephyrmancers
  20 necromancers
  A shadow dragon skeleton (Crypt:3)
  4 oklob plants
  7 fauns
  40 ugly things
  21 salamanders
  6 shining eyes
  18 cyclopes
  A moth of wrath (shapeshifter) (Vaults:3)
  An orc sorcerer (Zig:6)
  A stone giant zombie (Crypt:3)
  An elephant (shapeshifter) (Elf:2)
  29 moths of wrath
  2 centaur zombies (Crypt:3)
  A kobold blastminer (Zig:6)
  A meliai (D:13)
  A draconian skeleton (Crypt:3)
  3 guardian serpents
  15 manticores
  10 merfolk sirens
  2 tengu skeletons (Vaults:1)
  42 black mambas
  10 water nymphs
  3 torpor snails (Zig:10)
  A stone giant skeleton (Crypt:3)
  4 eyes of devastation
  17 naga magi
  A fire giant skeleton (Vaults:2)
  A smoke demon (Zig:7)
  17 vault sentinels
  A formless jellyfish zombie (Crypt:1)
  A black mamba (shapeshifter) (Depths:2)
  A gargoyle (D:13)
  7 cane toads
  3 efreet
  A red draconian zombie (Crypt:1)
  A centaur skeleton (Crypt:3)
  A kobold demonologist (D:11)
  4 rime drakes
  10 komodo dragons
  34 yaktaurs
  11 freezing wraiths
  10 guardian mummies
  9 trolls
  A queen bee (D:9)
  2 harpy zombies (Crypt:3)
  14 hellwings
  5 tengu conjurers
  A yaktaur skeleton (Vaults:2)
  21 merfolk
  A queen bee (shapeshifter) (D:14)
  7 wind drakes
  9 polar bears
  An iron troll skeleton (Crypt:1)
  A tarantella (Zig:10)
  12 hornets
  A harpy skeleton (Crypt:3)
  8 blink frogs
  3 glass eyes
  A raiju (shapeshifter) (Vaults:5)
  120 slime creatures
  A glass eye (shapeshifter) (Vaults:5)
  15 snapping turtles
  A death drake skeleton (Crypt:1)
  An ettin zombie (Crypt:3)
  9 dream sheep
  A guardian serpent skeleton (Crypt:2)
  An air elemental (Zig:5)
  A centaur simulacrum (D:14)
  5 jumping spiders
  A meliai zombie (Crypt:1)
  A black mamba zombie (Crypt:3)
  2 shadows
  A culicivora (Zig:10)
  18 water elementals
  A vampire (D:10)
  Sigmund (D:2)
  15 spriggans
  6 wyverns
  13 wraiths
  43 yaks
  3 fire elementals (Elf:3)
  2 ettin skeletons
  4 golden eyes
  6 starcursed masses (Zig:7)
  4 wargs
  6 basilisks
  A glowing shapeshifter zombie (Vaults:4)
  5 steam dragons
  2 neqoxecs
  A swamp worm (shapeshifter) (Vaults:5)
  3 redbacks
  A chaos spawn (D:3)
  11 vampire mosquitoes
  A small abomination (D:4)
  A demonspawn zombie (Crypt:2)
  47 nagas
  2 acid dragons
  2 naga zombies (Crypt:3)
  Edmund (D:4)
  17 water moccasins
  5 hell hounds (D:14)
  48 orc warriors
  A faun skeleton (Crypt:1)
  Pargi (D:4)
  2 ice beasts
  A cane toad skeleton (Crypt:2)
  13 laughing skulls
  6 black bears
  21 ogres
  An ogre (shapeshifter) (D:14)
  23 wolves
  7 boggarts
  A centaur (shapeshifter) (D:13)
  A human skeleton (Vaults:2)
  A manticore skeleton (Crypt:2)
  8 centaurs
  A phantom (D:6)
  An elf zombie (Ossuary)
  3 kobold brigands
  A rime drake skeleton (Crypt:1)
  A fire crab zombie (Crypt:2)
  A weeping skull (Ossuary)
  15 bullfrogs
  Blork the orc (D:4)
  3 scorpions
  2 gnoll sergeants
  3 earth elementals
  8 wights
  A burial acolyte (Ossuary)
  6 wyvern skeletons (Crypt:3)
  A shapeshifter skeleton (Crypt:2)
  22 killer bees (D:9)
  4 howler monkeys
  7 electric eels
  3 bombardier beetles
  4 crimson imps (D:3)
  A wolf skeleton (Crypt:2)
  6 hounds
  14 jellies
  5 human zombies
  A gnoll bouda (D:9)
  38 orc priests
  Ijyb (D:4)
  Crazy Yiuf (D:4)
  6 iguanas
  22 orc wizards
  A hell rat (D:8)
  A sleepcap (D:6)
  2 hound zombies (Ossuary)
  5 mummies
  A howler monkey zombie (Crypt:2)
  11 gnolls
  10 adders
  2 river rats
  2 ufetubi (D:6)
  An adder skeleton (Crypt:1)
  A dart slug (D:4)
  4 ribbon worms
  101 orcs
  11 ball pythons
  6 bats
  10 endoplasms
  8 giant cockroaches
  6 gnoll zombies (Ossuary)
  8 goblins
  8 hobgoblins
  8 jackals
  21 kobolds
  9 quokkas
  A bombardier beetle zombie (Crypt:2)
  4 frilled lizards
  3 orc zombies (Ossuary)
  2 rats (Sewer)
  An aspiring flesh (Zot:2)
  3 butterflies (Lair:2)
  2 tentacles (Shoals:4)
2755 creatures vanquished.

Vanquished Creatures (collateral kills)
  2 rockslimes (Slime:5)
  A hydra (D:12)
  A centaur (D:7)
  A howler monkey (D:7)
5 creatures vanquished.

Vanquished Creatures (others)
  A deep troll (Depths:4)
  A deep elf zephyrmancer (Elf:2)
  2 phantasmal warriors
  A naga mage (Snake:4)
  A slime creature (Slime:5)
  An orc warrior (Orc:2)
  A centaur (D:12)
  A burial acolyte (Ossuary)
  A shadow imp (D:7)
  6 tentacles (Shoals:4)
16 creatures vanquished.

Grand Total: 2776 creatures vanquished

Table legend: (Time is in decaauts)
 A = Elapsed time spent in this place.
 B = Non-inter-level travel time spent in this place.
 C = Inter-level travel time spent in this place.
 D = Time resting spent in this place.
 E = Time spent auto-exploring this place.
 F = Levels seen in this place.
 G = Mean time per level.
                   A        B        C        D        E       F      G
               +--------+--------+--------+--------+--------+-----+--------+
         Total |  77081 |  67242 |   9839 |  13695 |  37032 |  70 | 1101.2 |
       Dungeon |  17956 |  14221 |   3735 |   1406 |   9322 |  15 | 1197.1 |
          Lair |   6728 |   5275 |   1453 |    223 |   3865 |   5 | 1345.6 |
        Shoals |   5297 |   4746 |    551 |   1413 |   2171 |   4 | 1324.2 |
     Snake Pit |  10229 |   9584 |    645 |   4264 |   3275 |   4 | 2557.2 |
    Slime Pits |   3127 |   3005 |    122 |    367 |   1722 |   5 |  625.4 |
  Orcish Mines |   1837 |   1586 |    251 |      0 |   1251 |   2 |  918.5 |
   Elven Halls |   3193 |   2961 |    232 |      0 |   2169 |   3 | 1064.3 |
        Vaults |   9845 |   8994 |    851 |   2782 |   3959 |   5 | 1969.0 |
         Crypt |   3220 |   2820 |    400 |    138 |   1884 |   3 | 1073.3 |
        Depths |   5313 |   4529 |    784 |    767 |   2786 |   4 | 1328.2 |
           Zot |   7889 |   7078 |    811 |   2093 |   3463 |   5 | 1577.8 |
      Ziggurat |    632 |    632 |      0 |    200 |    185 |  10 |   63.2 |
         Trove |     83 |     83 |      0 |      0 |      0 |   1 |   83.0 |
         Sewer |    546 |    546 |      0 |      0 |    358 |   1 |  546.0 |
       Ossuary |    332 |    332 |      0 |      0 |    223 |   1 |  332.0 |
        Bailey |    468 |    468 |      0 |     31 |    147 |   1 |  468.0 |
        Wizlab |    379 |    379 |      0 |      7 |    250 |   1 |  379.0 |
               +--------+--------+--------+--------+--------+-----+--------+

Top non-repeatable levels by time:
 Snake:3: 3778 daAuts
 Snake:2: 2908 daAuts
Vaults:4: 2789 daAuts
   Zot:5: 2568 daAuts
Vaults:2: 2176 daAuts
    D:12: 2165 daAuts
  Lair:2: 2018 daAuts
 Snake:1: 1933 daAuts
Shoals:1: 1710 daAuts
Depths:2: 1710 daAuts
Vaults:3: 1699 daAuts
     D:8: 1654 daAuts
Vaults:1: 1625 daAuts
 Snake:4: 1608 daAuts
   Zot:4: 1587 daAuts

Table legend:
 A = Non-vault XP
 B = Vault XP
 C = Vault XP percentage of total XP
 D = Non-vault monster count
 E = Vault monster count
 F = Vault count percentage of total count
                 A         B        C        D         E       F
            +---------+---------+-------+---------+---------+-------
      Total |  914965 |  798989 |  46.6 |    1669 |    1043 |  38.5
            +---------+---------+-------+---------+---------+-------
        D:1 |      23 |       0 |   0.0 |      12 |       0 |   0.0
        D:2 |      67 |     214 |  76.2 |      21 |       1 |   4.5
        D:3 |      65 |     220 |  77.2 |      22 |      11 |  33.3
        D:4 |     414 |     448 |  52.0 |      32 |       5 |  13.5
        D:5 |     877 |       0 |   0.0 |      20 |       0 |   0.0
        D:6 |    1822 |    1508 |  45.3 |      20 |       8 |  28.6
        D:7 |    1529 |       0 |   0.0 |      13 |       0 |   0.0
        D:8 |    1210 |    2151 |  64.0 |      24 |      14 |  36.8
        D:9 |    3781 |    1810 |  32.4 |      40 |       9 |  18.4
       D:10 |    1198 |    2592 |  68.4 |       6 |       7 |  53.8
       D:11 |    5875 |     287 |   4.7 |      29 |       8 |  21.6
       D:12 |    6672 |    2502 |  27.3 |      22 |       5 |  18.5
       D:13 |    4794 |    9283 |  65.9 |      18 |      18 |  50.0
       D:14 |   15484 |    3936 |  20.3 |      31 |      14 |  31.1
       D:15 |   11389 |    2593 |  18.5 |      19 |       4 |  17.4
     Lair:1 |    4297 |    2751 |  39.0 |      11 |       8 |  42.1
     Lair:2 |    5189 |    3717 |  41.7 |      22 |       9 |  29.0
     Lair:3 |    7143 |    2563 |  26.4 |      32 |      10 |  23.8
     Lair:4 |    4199 |    1098 |  20.7 |      15 |       1 |   6.2
     Lair:5 |    3601 |    8511 |  70.3 |      10 |      53 |  84.1
   Shoals:1 |    8165 |    5970 |  42.2 |      18 |       9 |  33.3
   Shoals:2 |   13753 |    3015 |  18.0 |      30 |       4 |  11.8
   Shoals:3 |   16136 |    7142 |  30.7 |      31 |      10 |  24.4
   Shoals:4 |   19757 |   24936 |  55.8 |      37 |      38 |  50.7
    Snake:1 |    9806 |     617 |   5.9 |      21 |       1 |   4.5
    Snake:2 |   17882 |     785 |   4.2 |      37 |       1 |   2.6
    Snake:3 |   33185 |    8008 |  19.4 |      63 |       6 |   8.7
    Snake:4 |   26870 |   19726 |  42.3 |      50 |      29 |  36.7
    Slime:1 |   15142 |    7401 |  32.8 |      28 |       1 |   3.4
    Slime:2 |   16109 |       0 |   0.0 |      33 |       0 |   0.0
    Slime:3 |   10539 |       0 |   0.0 |      19 |       0 |   0.0
    Slime:4 |   10575 |    1943 |  15.5 |      25 |      10 |  28.6
    Slime:5 |   16899 |   22746 |  57.4 |      21 |      16 |  43.2
      Orc:1 |    5925 |    3618 |  37.9 |      45 |      16 |  26.2
      Orc:2 |     826 |   12785 |  93.9 |      25 |      63 |  71.6
      Elf:1 |   13104 |    8025 |  38.0 |      20 |      12 |  37.5
      Elf:2 |   13501 |   23432 |  63.4 |      21 |      32 |  60.4
      Elf:3 |   15546 |   43618 |  73.7 |      25 |      35 |  58.3
   Vaults:1 |   33872 |   33875 |  50.0 |      51 |      42 |  45.2
   Vaults:2 |   25013 |   25742 |  50.7 |      38 |      28 |  42.4
   Vaults:3 |   36140 |   42608 |  54.1 |      53 |      43 |  44.8
   Vaults:4 |   37672 |   61612 |  62.1 |      57 |      66 |  53.7
   Vaults:5 |   11708 |   56133 |  82.7 |      18 |      48 |  72.7
    Crypt:1 |   23811 |   18678 |  44.0 |      41 |      19 |  31.7
    Crypt:2 |   35902 |       0 |   0.0 |      54 |       0 |   0.0
    Crypt:3 |       0 |   66642 | 100.0 |       0 |     109 | 100.0
   Depths:1 |   25518 |    3514 |  12.1 |      31 |       3 |   8.8
   Depths:2 |   37087 |   19538 |  34.5 |      45 |      10 |  18.2
   Depths:3 |   50380 |    5421 |   9.7 |      53 |       5 |   8.6
   Depths:4 |   26326 |   58413 |  68.9 |      32 |      48 |  60.0
      Zot:1 |   41419 |    9996 |  19.4 |      35 |       4 |  10.3
      Zot:2 |   34429 |    2557 |   6.9 |      30 |       2 |   6.2
      Zot:3 |   31755 |       0 |   0.0 |      26 |       0 |   0.0
      Zot:4 |   34218 |   31082 |  47.6 |      28 |      18 |  39.1
      Zot:5 |   19679 |  101633 |  83.8 |      15 |      40 |  72.7
      Zig:1 |     845 |       0 |   0.0 |       1 |       0 |   0.0
      Zig:2 |    1096 |       0 |   0.0 |       4 |       0 |   0.0
      Zig:3 |    3796 |       0 |   0.0 |       7 |       0 |   0.0
      Zig:4 |    5177 |       0 |   0.0 |       5 |       0 |   0.0
      Zig:5 |    4674 |       0 |   0.0 |       8 |       0 |   0.0
      Zig:6 |    5419 |       0 |   0.0 |      13 |       0 |   0.0
      Zig:7 |    8186 |       0 |   0.0 |      16 |       0 |   0.0
      Zig:8 |    8094 |       0 |   0.0 |      11 |       0 |   0.0
      Zig:9 |   18101 |       0 |   0.0 |      11 |       0 |   0.0
     Zig:10 |   11299 |       0 |   0.0 |      18 |       0 |   0.0
      Sewer |       0 |     238 | 100.0 |       0 |      21 | 100.0
    Ossuary |       0 |     446 | 100.0 |       0 |      18 | 100.0
     Bailey |       0 |    2086 | 100.0 |       0 |      29 | 100.0
     WizLab |       0 |   18824 | 100.0 |       0 |      22 | 100.0
            +---------+---------+-------+---------+---------+-------
